Construct Section Command Post
Selects Australian Defense Battlegroup
Selects Australian Light Infantry Section
Australian Light Infantry Section
Australian Light Infantry Section
Australian Light Infantry Section
Australian Light Infantry Section
Selects CMP 15cwt Supply Run
Construct Platoon Command Post
Unlock M3 Stuart Light Tanks
Selects Reinforced Resource Caches
Selects Defensive Tactics
Selects Archer Tank Destroyer
Australian Light Infantry Section